[Event "GER-ch Youth ODJM 2019"]
[Site "Willingen"]
[Date "2019.06.15"]
[Round "9.4"]
[White "Garbuz, Vitaliy"]
[Black "Kardoeus, David"]
[Result "1/2-1/2"]
[ECO "B21"]
[WhiteElo "2051"]
[BlackElo "2202"]
[Annotator "NA"]
[PlyCount "106"]
[EventDate "2019.06.07"]
[EventType "swiss"]
[EventRounds "9"]
[EventCountry "GER"]
[SourceTitle "playchess.com"]
[Source "ChessBase"]
[SourceQuality "1"]
[TimeControl "40/5400+30:1800+30"]

1. e4 c5 2. d4 cxd4 3. c3 Nf6 4. e5 Nd5 5. Nf3 Nc6 6. Bc4 Nb6 7. Bb3 {[%emt 0:00:04] unterminated} e6 8. cxd4 d6 {[%emt 0:00:12] unterminated} 9. O-O Be7 10. Nc3 O-O 11. Be3 {[%emt 0:02:02] B22: Sicilian: 2 c3} (11. Qe2 d5 12. Bc2 Bd7 13. Qd3 g6 14. Qe3 f6 15. Qh6 Rf7 16. Re1 Rc8 17. Qh3 Bf8 18. exf6 Qxf6 19. Bg5 {0-1 (37) Ozgibcev,A (2376)-Rodin,D (2412) Sochi 2018}) 11... dxe5 12. Nxe5 Bf6 13. Nxc6 bxc6 14. Ne4 Ba6 15. Re1 Nc4 $146 {[%emt 0:00:30] unterminated} ({Predecessor:} 15... Nd5 16. Nc5 Bc8 17. Qf3 g6 18. Ba4 Bd7 19. Rac1 Rc8 20. Nd3 Qb6 {1-0 (28) Kusenkova,N (1818)-Baraeva,I (2080) Sibenik 2007}) 16. Qe2 Nxe3 {[%emt 0:01:10] unterminated} 17. Nxf6+ {[%emt 0:03:54] unterminated} Qxf6 18. Qxe3 {[%emt 0:00:32] unterminated} Rfd8 {[%emt 0:05:16] unterminated} 19. Rad1 Bb5 {[%emt 0:00:37] unterminated} 20. Qc3 $11 Rab8 21. Qc5 a5 22. a4 Ba6 23. Re3 Qf5 24. Re5 Qg4 25. h3 Qf4 26. Re3 Qf5 27. Qxf5 exf5 28. d5 c5 29. Rd2 c4 30. Bd1 Rd6 31. Re7 Kf8 32. Ra7 Rb7 33. Ra8+ Ke7 34. Kh2 Rb4 35. Ra7+ Kf6 36. Rc7 Bb7 37. Rc5 Ke7 38. Rxa5 Ra6 39. Rc5 Kd6 40. Rb5 Rxb5 41. axb5 Rb6 42. Be2 Kc5 43. d6 Rxd6 44. Rxd6 Kxd6 45. Bxc4 f6 46. Bg8 h6 47. Bf7 Be4 48. Be8 Kc5 49. Kg3 g5 50. f3 Bd3 51. f4 Bxb5 52. Bxb5 Kxb5 53. fxg5 fxg5 {[%emt 0:00:00] normal} 1/2-1/2

[Event "GER-ch Youth ODJM 2019"]
[Site "Willingen"]
[Date "2019.06.15"]
[Round "9.5"]
[White "Knudsen, Simon"]
[Black "Savchenko, Daniel"]
[Result "1/2-1/2"]
[ECO "A06"]
[WhiteElo "2166"]
[BlackElo "2120"]
[Annotator "ChessBase"]
[PlyCount "41"]
[EventDate "2019.06.07"]
[EventType "swiss"]
[EventRounds "9"]
[EventCountry "GER"]
[SourceTitle "playchess.com"]
[Source "ChessBase"]
[SourceQuality "1"]
[TimeControl "40/5400+30:1800+30"]

1. Nf3 d5 2. g3 e6 3. Bg2 Nf6 4. O-O Be7 5. d3 O-O 6. Nbd2 c5 7. e4 Nc6 8. c3 b6 9. Qe2 Bb7 10. Re1 Qc7 11. e5 Nd7 12. Nf1 Rae8 13. Bf4 Qc8 14. h4 h6 15. N1h2 f5 16. Qd2 Rf7 17. Rac1 Kh7 18. b4 a6 19. a3 Qa8 20. d4 cxd4 21. cxd4 {[%emt 0:00:10] normal} 1/2-1/2

[Event "GER-ch Youth ODJM 2019"]
[Site "Willingen"]
[Date "2019.06.15"]
[Round "9.6"]
[White "Parvanyan, Alfred"]
[Black "Hartmann, Jakob"]
[Result "1/2-1/2"]
[ECO "A06"]
[WhiteElo "2066"]
[BlackElo "2144"]
[Annotator "ChessBase"]
[PlyCount "78"]
[EventDate "2019.06.07"]
[EventType "swiss"]
[EventRounds "9"]
[EventCountry "GER"]
[SourceTitle "playchess.com"]
[Source "ChessBase"]
[SourceQuality "1"]
[TimeControl "40/5400+30:1800+30"]

1. g3 d5 2. Nf3 Bg4 3. Bg2 Nd7 4. O-O e6 5. d3 Bd6 6. h3 Bxf3 7. Bxf3 Ngf6 8. e4 O-O 9. Bg2 dxe4 10. dxe4 Bc5 11. Qe2 e5 12. a4 a5 13. Nd2 c6 14. Nc4 Re8 15. Rd1 Qc7 16. Bd2 b6 17. Ne3 Nf8 18. Nf5 Ne6 19. c3 Red8 20. Qf3 Ne8 21. Qg4 Rd7 22. Bg5 Rxd1+ 23. Rxd1 Nxg5 24. Qxg5 f6 25. Qg4 Rd8 26. Bf1 Rxd1 27. Qxd1 Nd6 28. Nxd6 Qxd6 29. Bc4+ Kh8 30. Qg4 g6 31. Qe6 Qxe6 32. Bxe6 Bd6 33. Bd7 c5 34. Kf1 Kg7 35. Ke2 Kf7 36. Kd3 Ke7 37. Bc8 Bc7 38. Kc4 Kd6 39. h4 Bd8 {[%emt 0:00:35] normal} 1/2-1/2

[Event "GER-ch Youth ODJM 2019"]
[Site "Willingen"]
[Date "2019.06.15"]
[Round "9.7"]
[White "Dette, Jan"]
[Black "Hesse, Henrik"]
[Result "1-0"]
[ECO "A14"]
[WhiteElo "2109"]
[BlackElo "2166"]
[Annotator "ChessBase"]
[PlyCount "64"]
[EventDate "2019.06.07"]
[EventType "swiss"]
[EventRounds "9"]
[EventCountry "GER"]
[SourceTitle "playchess.com"]
[Source "ChessBase"]
[SourceQuality "1"]
[TimeControl "40/5400+30:1800+30"]

1. c4 Nf6 2. g3 e6 3. Bg2 d5 4. Nf3 Be7 5. O-O O-O 6. b3 d4 7. Bb2 c5 8. b4 Qb6 9. Qb3 Rd8 10. bxc5 Bxc5 11. d3 Nc6 12. Nbd2 h6 13. Ba3 Nb4 14. Bxb4 Bxb4 15. Rab1 Bc3 16. Qa3 Qc7 17. Nb3 e5 18. Qc5 Qxc5 19. Nxc5 e4 20. dxe4 b6 21. e5 Bf5 22. Rb5 bxc5 23. exf6 d3 24. exd3 Bxd3 25. Rc1 Bxf6 26. Ne1 Rac8 27. Nxd3 Rxd3 28. Rb7 Rd2 29. Rxa7 Bd4 30. Rf1 Rb8 31. Bd5 Rbb2 32. Rxf7 Rxa2 {[%emt 0:00:42] normal} 1-0

[Event "GER-ch Youth ODJM 2019"]
[Site "Willingen"]
[Date "2019.06.15"]
[Round "9.8"]
[White "Schimnatkowski, Lukas"]
[Black "Biermann, Lenhard"]
[Result "1-0"]
[ECO "A14"]
[WhiteElo "2139"]
[BlackElo "2069"]
[Annotator "ChessBase"]
[PlyCount "119"]
[EventDate "2019.06.07"]
[EventType "swiss"]
[EventRounds "9"]
[EventCountry "GER"]
[SourceTitle "playchess.com"]
[Source "ChessBase"]
[SourceQuality "1"]
[TimeControl "40/5400+30:1800+30"]

1. c4 Nf6 2. g3 e6 3. Bg2 d5 4. Nf3 Be7 5. O-O O-O 6. b3 b6 7. Bb2 Bb7 8. e3 c5 9. Nc3 Nc6 10. cxd5 exd5 11. d4 Re8 12. Rc1 Rc8 13. Qd3 Nb4 14. Qb1 c4 15. bxc4 dxc4 16. Ne5 Bxg2 17. Kxg2 b5 18. a4 a6 19. Ba3 Qa5 20. Qf5 bxa4 21. Ra1 Nbd5 22. Bxe7 Nxe7 23. Qc2 a3 24. Qc1 Ned5 25. Rxa3 Qb6 26. Kg1 Nb4 27. Qa1 Qd6 28. Rc1 Rc7 29. Ra5 Rd8 30. Qa3 Nd3 31. Nxd3 cxd3 32. Rd1 Qxa3 33. Rxa3 Rdc8 34. Rxd3 Rc6 35. Kg2 Kf8 36. e4 Rd8 37. d5 Rb6 38. Rd4 Nd7 39. Rda4 Nc5 40. Ra5 Rc8 41. Na4 Nxa4 42. R5xa4 Rc2 43. Rxa6 Rxa6 44. Rxa6 Rc4 45. Kf3 Rd4 46. Ke3 Rd1 47. Ra2 h5 48. h4 Ke7 49. Kf4 g6 50. Ra7+ Ke8 51. Ke5 Rb1 52. Ra3 Rb7 53. Rc3 Rb6 54. f4 Ra6 55. f5 gxf5 56. Kxf5 Ke7 57. Kg5 Rg6+ 58. Kxh5 Kd7 59. g4 Ke7 60. e5 {[%emt 0:00:00] normal} 1-0

[Event "GER-ch Youth ODJM 2019"]
[Site "Willingen"]
[Date "2019.06.15"]
[Round "9.9"]
[White "Ronge, Tim Hendrick"]
[Black "Mueller, Magnus"]
[Result "1-0"]
[ECO "D35"]
[WhiteElo "2143"]
[BlackElo "1837"]
[Annotator "ChessBase"]
[PlyCount "49"]
[EventDate "2019.06.07"]
[EventType "swiss"]
[EventRounds "9"]
[EventCountry "GER"]
[SourceTitle "playchess.com"]
[Source "ChessBase"]
[SourceQuality "1"]
[TimeControl "40/5400+30:1800+30"]

1. d4 d5 2. c4 e6 3. Nc3 Nf6 4. cxd5 Nxd5 5. e4 Nxc3 6. bxc3 c5 7. Rb1 Be7 8. Nf3 O-O 9. Bd3 Qc7 10. O-O b6 11. Qe2 Bb7 12. Re1 Nd7 13. d5 exd5 14. exd5 Rae8 15. c4 Nf6 16. Bb2 g6 17. Qd2 Nh5 18. Ne5 Bf6 19. f4 Bg7 20. g3 Qd6 21. Bc3 Re7 22. a4 Rfe8 23. a5 Nf6 24. Bc2 Nd7 25. Ba4 {[%emt 0:01:00] normal} 1-0

[Event "GER-ch Youth ODJM 2019"]
[Site "Willingen"]
[Date "2019.06.15"]
[Round "9.10"]
[White "Tscheuschner, Georg"]
[Black "Weber, Jannis"]
[Result "1-0"]
[ECO "A16"]
[WhiteElo "2113"]
[BlackElo "1889"]
[Annotator "ChessBase"]
[PlyCount "85"]
[EventDate "2019.06.07"]
[EventType "swiss"]
[EventRounds "9"]
[EventCountry "GER"]
[SourceTitle "playchess.com"]
[Source "ChessBase"]
[SourceQuality "1"]
[TimeControl "40/5400+30:1800+30"]

1. c4 Nf6 2. Nc3 d5 3. cxd5 Nxd5 4. g3 g6 5. Bg2 Nxc3 6. bxc3 Bg7 7. h4 h6 8. Rb1 c6 9. Qc2 Nd7 10. d3 Qc7 11. Nf3 b6 12. h5 g5 13. Nd4 Bb7 14. Nf5 Bf6 15. c4 e6 16. Ne3 c5 17. Bxb7 Qxb7 18. O-O Bd4 19. Bb2 f5 20. Bxd4 cxd4 21. Qb2 O-O-O 22. Qxd4 Nc5 23. Qe5 Qc7 24. Qxc7+ Kxc7 25. f3 Nd7 26. g4 f4 27. Nd1 Nc5 28. Nc3 Rh7 29. Rfd1 Rhd7 30. Kf2 Kc6 31. Rd2 Rd4 32. Rdb2 R4d7 33. a4 Rb7 34. Ke1 Rd6 35. Kd2 Rd8 36. Kc2 Rd6 37. a5 bxa5 38. Rxb7 Nxb7 39. Nb5 Rd8 40. Nxa7+ Kc7 41. Nb5+ Kc6 42. Na7+ Kc7 43. Nb5+ {[%emt 0:00:00] normal} 1-0

[Event "GER-ch Youth ODJM 2019"]
[Site "Willingen"]
[Date "2019.06.15"]
[Round "9.11"]
[White "Korten, Lando"]
[Black "Wanner, Lukas"]
[Result "1-0"]
[ECO "E71"]
[WhiteElo "2122"]
[BlackElo "2099"]
[Annotator "ChessBase"]
[PlyCount "67"]
[EventDate "2019.06.07"]
[EventType "swiss"]
[EventRounds "9"]
[EventCountry "GER"]
[SourceTitle "playchess.com"]
[Source "ChessBase"]
[SourceQuality "1"]
[TimeControl "40/5400+30:1800+30"]

1. d4 Nf6 2. c4 g6 3. Nc3 Bg7 4. e4 d6 5. h3 O-O 6. Be3 c5 7. d5 e6 8. Bd3 exd5 9. exd5 Re8 10. Nf3 Nfd7 11. O-O Ne5 12. Nxe5 Bxe5 13. Qd2 Nd7 14. Rae1 a6 15. a4 Qb6 16. Kh1 Nf8 17. f4 Bd4 18. Ne4 f5 19. Bxd4 fxe4 20. Bc3 Bf5 21. g4 Bxg4 22. hxg4 exd3 23. Qxd3 Qc7 24. f5 Rxe1 25. Rxe1 Qf7 26. Qg3 Rd8 27. Qh4 Re8 28. Re6 Nxe6 29. dxe6 Qe7 30. Qh6 Qf8 31. Qh3 Qe7 32. fxg6 Rf8 33. Qh6 hxg6 34. Qh8# {normal} 1-0

[Event "GER-ch Youth ODJM 2019"]
[Site "Willingen"]
[Date "2019.06.15"]
[Round "9.13"]
[White "Doll, Alexander"]
[Black "Gallasch, Robin"]
[Result "1/2-1/2"]
[ECO "B10"]
[WhiteElo "1991"]
[BlackElo "1889"]
[Annotator "NA"]
[PlyCount "87"]
[EventDate "2019.06.07"]
[EventType "swiss"]
[EventRounds "9"]
[EventCountry "GER"]
[SourceTitle "playchess.com"]
[Source "ChessBase"]
[SourceQuality "1"]
[TimeControl "40/5400+30:1800+30"]

1. e4 c6 2. c3 d5 3. exd5 cxd5 4. Nf3 Nc6 5. d4 Qc7 6. Na3 a6 7. Nc2 Nf6 8. Be2 Bg4 9. O-O e6 10. Nh4 Bxe2 11. Qxe2 Be7 12. Nf3 O-O 13. Nce1 b5 14. a3 Bd6 15. Bg5 Ne4 16. g3 Na5 17. Nd3 Nc4 18. Bf4 Bxf4 19. Nxf4 a5 20. Nd3 Rab8 21. Rae1 Rfe8 22. Kg2 f6 23. Rh1 Re7 24. h4 Rbe8 25. Nf4 b4 26. cxb4 axb4 27. axb4 Qb6 28. Nd3 Ncd6 29. Rc1 Nf5 30. Nc5 Qxb4 31. Nxe4 dxe4 32. Qxe4 Qxb2 33. Rc6 Qb5 34. Re1 Qd5 35. g4 Qxe4 36. Rxe4 Nh6 37. g5 Nf5 38. gxf6 gxf6 39. d5 exd5 40. Rxe7 Rxe7 41. Rxf6 Rf7 42. Ra6 Rd7 43. Rf6 Rf7 44. Ra6 {[%emt 0:00:17] normal} 1/2-1/2

[Event "GER-ch Youth ODJM 2019"]
[Site "Willingen"]
[Date "2019.06.15"]
[Round "9.14"]
[White "Bajorski, Marius"]
[Black "Bargsten, Justus"]
[Result "1-0"]
[ECO "B51"]
[WhiteElo "1967"]
[BlackElo "1980"]
[Annotator "NA"]
[PlyCount "71"]
[EventDate "2019.06.07"]
[EventType "swiss"]
[EventRounds "9"]
[EventCountry "GER"]
[SourceTitle "playchess.com"]
[Source "ChessBase"]
[SourceQuality "1"]
[TimeControl "40/5400+30:1800+30"]

1. e4 c5 2. Nf3 d6 3. Bb5+ Nd7 4. O-O a6 5. Bd3 Ngf6 6. Re1 e5 {[%emt 0:00:00] unterminated} 7. c3 $11 b5 8. Bc2 g6 9. d4 Qc7 10. Nbd2 Bg7 11. Nf1 O-O 12. h3 Re8 13. d5 c4 14. a4 Rb8 15. Ng3 Nc5 16. Nh2 h5 17. Bg5 Nxa4 18. Bxa4 bxa4 19. Bxf6 Bxf6 20. Qxa4 Bd7 21. Qc2 a5 22. Ngf1 Qb6 23. Ne3 Rec8 24. Rab1 Bg5 25. Nhf1 a4 26. Nd2 Bxe3 27. Rxe3 a3 28. bxa3 Qc5 29. Rb4 f5 30. Re1 Kf8 31. Rd1 Qa7 32. Qb2 Ke7 33. Rb1 Ra8 34. Rb7 Qxa3 35. Qb5 Rd8 36. Nxc4 {[%emt 0:00:58] normal} 1-0

[Event "GER-ch Youth ODJM 2019"]
[Site "Willingen"]
[Date "2019.06.15"]
[Round "9.15"]
[White "Askerov, Imamali"]
[Black "Reimer, Philip"]
[Result "1/2-1/2"]
[ECO "B33"]
[WhiteElo "1986"]
[BlackElo "1891"]
[Annotator "NA"]
[PlyCount "73"]
[EventDate "2019.06.07"]
[EventType "swiss"]
[EventRounds "9"]
[EventCountry "GER"]
[SourceTitle "playchess.com"]
[Source "ChessBase"]
[SourceQuality "1"]
[TimeControl "40/5400+30:1800+30"]

1. e4 c5 2. Nf3 Nc6 3. d4 cxd4 4. Nxd4 Nf6 5. Nc3 e5 {[%emt 0:00:00] unterminated} 6. Ndb5 $14 d6 7. Bg5 a6 8. Na3 b5 9. Nd5 Be7 10. Bxf6 Bxf6 11. c3 O-O 12. Nc2 Bg5 13. Bd3 Be6 14. Nce3 Kh8 15. O-O g6 16. a4 Rb8 17. Qe2 Bxe3 18. Nxe3 Qb6 19. axb5 axb5 20. Kh1 f5 21. f3 Qb7 22. Rfd1 f4 23. Nc2 g5 24. Na3 b4 25. Ba6 Qe7 26. Nc4 Rf6 27. Nxd6 Bb3 28. Nf5 Bxd1 29. Rxd1 Qc7 30. Bb5 bxc3 31. bxc3 Qb6 32. Bc4 Rd8 33. Bd5 Qc5 34. Bxc6 Rb8 35. Bd5 Qxc3 36. h3 {[%emt 0:00:47] normal} Rd8 37. Ba2 {[%emt 0:00:31] normal} 1/2-1/2

[Event "GER-ch Youth ODJM 2019"]
[Site "Willingen"]
[Date "2019.06.15"]
[Round "9.16"]
[White "Beesk, Kevin"]
[Black "Kamp, Adrian"]
[Result "1-0"]
[ECO "A45"]
[WhiteElo "1935"]
[BlackElo "1865"]
[Annotator "NA"]
[PlyCount "42"]
[EventDate "2019.06.07"]
[EventType "swiss"]
[EventRounds "9"]
[EventCountry "GER"]
[SourceTitle "playchess.com"]
[Source "ChessBase"]
[SourceQuality "1"]
[TimeControl "40/5400+30:1800+30"]

1. d4 Nf6 2. Bf4 g6 3. Nc3 d5 4. e3 Bg7 {[%emt 0:00:41] unterminated} 5. h4 $11 h5 6. Nb5 Na6 7. Nf3 O-O 8. Ne5 c5 9. c3 Nd7 10. Be2 Nxe5 11. dxe5 Be6 12. g4 hxg4 13. h5 gxh5 14. Rxh5 Qd7 15. Qc2 f5 16. exf6 Rxf6 17. O-O-O Kf7 18. Rdh1 Rd8 19. a4 Bf5 20. Bd3 Bxd3 21. Qxd3 c4 {[%emt 0:00:18] normal} 1-0